woodfighter, chaotic female orcish Barbarian ------------------------ ####.......................| ----- # |......................| |....### -------------------.---- |"[.| ################# -.--- # ############# # -----..- ----.-------- |....)..########## |...........| |......| # |.....>.....| |U |<.....| # |...........| ##.. |......| #########............| # |. |......| |............################### -------- ------------- woodfighter the Barbarian Experience level: 11 Strength: 18 Dexterity: 17 Constitution: 19 Intelligence: 11 Wisdom: 7 Charisma: 7 Health: 0(113) Energy: 17(17) Def: 13 Gold: 61 Moves: 15330 Dungeon seed [set]: Game ID: woodfighter_1679322852 Your Inventory: Coins $ - 61 gold pieces Amulets V - an uncursed amulet of reflection (being worn) Weapons a - a blessed +0 battle-axe (weapon in hands) x - a blessed +2 silver dagger (alternate weapon; not wielded) M - 5 uncursed +0 daggers (in quiver) Armor e - an uncursed +0 pair of leather gloves (being worn) G - an uncursed +0 cloak of invisibility (being worn) H - an uncursed +0 dwarvish mithril-coat (being worn) Y - an uncursed rusty +0 dwarvish iron helm (being worn) Comestibles b - an uncursed tin of cockatrice meat c - 5 uncursed food rations r - 2 uncursed lembas wafers Z - an uncursed lizard corpse Scrolls v - an uncursed scroll of remove curse Potions u - an uncursed potion of speed Rings w - an uncursed ring of cold resistance (on left hand) J - an uncursed ring of free action (on right hand) Wands i - an uncursed wand of digging (0:8) j - an uncursed wand of secret door detection (0:14) Tools f - a blessed brass lantern (0:1296) q - an uncursed -1 unicorn horn s - a blessed bag of holding t - an uncursed +0 pick-axe y - an uncursed iron key R - an uncursed fire horn (0:8) W - an uncursed towel Gems E - a blessed luckstone Contents of the bag of holding: 10522 gold pieces a [uncursed] amulet of ESP a [blessed] [+2] elven dagger a [cursed] [-2] elven dagger 3 [uncursed] [+0] elven daggers 2 [cursed] [-1] elven daggers a [blessed] [+1] elven dagger an uncursed [+0] mummy wrapping a [uncursed] [+0] pair of elven boots a [uncursed] egg an uncursed eucalyptus leaf an uncursed sprig of wolfsbane a [cursed] scroll of blank paper a [uncursed] scroll of blank paper a [cursed] scroll of create monster a [blessed] scroll of create monster a [uncursed] scroll of enchant armor a [uncursed] scroll of identify a [uncursed] scroll of magic mapping a [uncursed] scroll of remove curse a [blessed] scroll of stinking cloud a [cursed] scroll of teleportation a [cursed] scroll of water a [uncursed] potion of blindness a [uncursed] potion of booze 2 [uncursed] potions of invisibility a [uncursed] potion of levitation 2 [blessed] potions of monster detection a [uncursed] potion of object detection a [uncursed] potion of paralysis a [blessed] potion of sight a [blessed] potion of speed a [uncursed] ring of free action a [cursed] ring of polymorph a [uncursed] wand of make invisible [0:3] an uncursed magic marker [0:72] an uncursed [+0] unicorn horn 4 uncursed fluorites an uncursed obsidian Spells and supernatural/magical abilities: Name Level Category Fail Memory W - pray for help -- divine ? -- Your skills at the end: Miscellaneous Skills bare handed combat [Basic] stealth [Basic] Weapon Skills dagger [Basic] axe [Master] short sword [Basic] Spellcasting Skills Final Attributes: You were piously aligned. You were fire resistant. You were cold resistant. You were sleep resistant. You were poison resistant. You were telepathic. You had infravision. You were invisible. You were somewhat stealthy. You were protected. You were fast. You had reflection. You had free action. You were lucky. You had extra luck. Good luck did not time out for you. You are dead. Vanquished creatures: a nurse a queen bee 2 giant mimics 5 rock trolls 2 grizzly bears a large mimic an air elemental a giant mummy an elf-lord a quantum mechanic 2 small mimics a warhorse a xan 3 trolls a sasquatch 3 freezing spheres a large cat 2 tigers a tengu a gelatinous cube an ochre jelly a crocodile 2 giants an elf mummy a human mummy 4 Grey-elves a black bear 2 ettin zombies 3 leather golems an incubus 3 giant beetles 4 wolves a black light 2 lynxes 28 leprechauns a lizard an orc-captain a mumak 5 giant spiders an iron piercer 2 ice vortices a forest centaur 3 gnome kings a piranha 3 orc mummies a dwarf mummy a brown pudding 4 Green-elves 4 owlbears a yeti 2 gold golems a dingo 2 jaguars 3 dwarf lords a blue jelly a white unicorn a gray unicorn a raven 3 plains centaurs a gnome mummy 8 Woodland-elves 6 pit vipers an ape 2 rope golems a soldier ant 5 bugbears a baby crocodile 5 wood nymphs a Mordor orc 18 Uruk-hai an orc shaman 3 rock moles 4 rock piercers a pony 2 fog clouds 5 shriekers 18 gnome lords 8 gnomish wizards 2 kobold mummies a red naga hatchling 2 black naga hatchlings a guardian naga hatchling 3 gray oozes a barrow wight 2 ghouls a straw golem 4 paper golems 9 giant ants 6 floating eyes 2 kittens 19 dwarves 2 homunculi a kobold lord a kobold shaman 5 iguanas 2 hill orcs 5 rothes 3 centipedes 5 jitterbugs 5 giant bats a monkey 3 dwarf zombies a wererat a werejackal 24 killer bees 9 coyotes a gas spore 8 hobbits 4 acid blobs 5 large kobolds 10 geckos 9 hobgoblins 10 giant rats 2 cave spiders a sylph 3 brown molds 4 yellow molds 3 green molds 2 red molds 61 gnomes 8 garter snakes 7 manes 5 gnome zombies 8 jackals 3 foxes 5 kobolds 2 newts 4 goblins a sewer rat 4 grid bugs 3 bats 9 lichens 3 kobold zombies 529 creatures vanquished. Voluntary challenges: You did not cause conflict. You were not displaced. You had been an atheist until turn 2363. You donated to temples 2 times (receiving 4 points of protection), starting on turn 12560. You received temple protection 2 times, starting on turn 12560. You used a wielded weapon 788 times, starting on turn 26. You did not use plumbed fixtures. You read items or engraved 2 times, starting on turn 4419. You never genocided any monsters. You never polymorphed an object. You changed form 1 time, starting on turn 11313. You completed Sokoban on turn 6054, according to the rules. You used no wishes. You did not use any artifacts. You never split a pudding. You never wrote Elbereth's name. You never violated your personal moral code. You enabled loading special bones files. Dungeon overview: The Dungeons of Doom: levels 1 to 16 Level 1 an altar to Set, a fountain a long staircase Level 2 a vault, a scroll shop, a fountain stairs to The Gnomish Mines Level 3 a fountain Level 4 (water) a shop, some fountains Level 5 a vault, a weapon shop, an altar to Set, a fountain Level 6 a vault, an altar to Set, a sink Level 7 (box) some fountains Level 8 many fountains Level 9 (box) a vault, a fountain, a sink stairs to Sokoban Level 10 a fountain Level 11 Level 12 a fountain, a sink Level 13 a vault, a throne Level 14 (water) portal to The Quest Level 15 <- You were here Level 16 The Gnomish Mines: levels 3 to 11 Level 3 stairs to The Dungeons of Doom Level 4 Level 5 Level 6 many shops, a temple to Mitra, a magic chest, some fountains Level 7 Level 8 Level 9 Level 10 Level 11 a magic chest, a fountain The Quest: Level 1 portal to The Dungeons of Doom Sokoban: levels 5 to 8 Level 5 a magic chest Level 6 a sink Level 7 Level 8 an altar to Crom, a magic chest stairs to The Dungeons of Doom History has recorded: On T:1 you entered the Dungeons of Doom to retrieve the Amulet of Yendor! On T:247 you reached level 2 of The Dungeons of Doom. On T:443 you advanced to experience level 2. On T:512 you reached level 1 of The Gnomish Mines. On T:555 you reached level 3 of The Dungeons of Doom. On T:633 you advanced to experience level 3. On T:753 you advanced to experience level 4. On T:922 you reached level 4 of The Dungeons of Doom. On T:1487 you advanced to experience level 5. On T:1635 you reached level 5 of The Dungeons of Doom. On T:2145 you reached level 6 of The Dungeons of Doom. On T:2358 you advanced to experience level 6. On T:2501 you reached level 7 of The Dungeons of Doom. On T:2776 you reached level 8 of The Dungeons of Doom. On T:3445 you advanced to experience level 7. On T:3663 you reached level 9 of The Dungeons of Doom. On T:4011 you reached level 10 of The Dungeons of Doom. On T:4220 you reached level 4 of Sokoban. On T:4418 you opened a magic chest. On T:4551 you reached level 3 of Sokoban. On T:4916 you advanced to experience level 8. On T:4929 you reached level 2 of Sokoban. On T:5318 you reached level 1 of Sokoban. On T:6054 you advanced to experience level 9. On T:6054 you entered the Sokoban zoo. On T:6652 you reached level 2 of The Gnomish Mines. On T:7960 you reached level 3 of The Gnomish Mines. On T:8245 you reached level 4 of The Gnomish Mines. On T:8725 you reached level 5 of The Gnomish Mines. On T:8853 you entered the Minetown temple On T:9412 you reached level 6 of The Gnomish Mines. On T:9747 you reached level 7 of The Gnomish Mines. On T:10657 you advanced to experience level 10. On T:10947 you reached level 8 of The Gnomish Mines. On T:11601 you reached level 9 of The Gnomish Mines. On T:11601 you reached the bottom of the Mines. On T:13375 you reached level 11 of The Dungeons of Doom. On T:13488 you reached level 12 of The Dungeons of Doom. On T:14052 you reached level 13 of The Dungeons of Doom. On T:14317 you reached level 14 of The Dungeons of Doom. On T:14325 you advanced to experience level 11. On T:14380 you prayed to Set. On T:14773 you reached level 15 of The Dungeons of Doom. On T:14773 you entered the Rogue tribute level. On T:14830 you reached level 1 of The Quest. On T:15026 you reached level 16 of The Dungeons of Doom. On T:15214 you prayed to Set. Score breakdown: Gold: 10583 ( 1058 points) Experience: 11 levels ( 1000 points) Exploration: 16 levels ( 450 points) Discoveries: 70 items ( 2000 points) Variety of kills: 133 monsters ( 2000 points) Major goal: Sokoban/Mines ( 1500 points) Survival: died (score multiplied by 3) Total score: 24024 Latest messages: You swing your battle-axe in a tremendous arc. You smite the kobold mummy! You swing your battle-axe in a tremendous arc. You destroy the kobold mummy! The mountain centaur bumps right into you! (2x) You stop exploring. You swing your battle-axe in a tremendous arc. You smite the elf-lord! Your iron battle-axe sears the elf-lord's flesh! You smite the dire bear! The elf-lord punches you! (2x) The dire bear mauls you! (2x) The dire bear bites! You swing your battle-axe in a tremendous arc. You smite the elf-lord! Your iron battle-axe sears the elf-lord's flesh! You smite the dire bear! You swing your battle-axe in a tremendous arc. Your iron battle-axe sears the elf-lord's flesh! You kill the elf-lord! You smite the dire bear! The dire bear mauls you! (2x) The dire bear misses. (2x) The dire bear mauls you! The dire bear bites! You die... Final status: Goodbye woodfighter the Barbarian, killed by a dire bear... You died in The Dungeons of Doom on dungeon level 15 with 24024 points, and 10583 pieces of gold, after 15330 moves. You were level 11 with a maximum of 113 hit points when you died.